 Dungeon Crawl Stone Soup version 0.29-a0-392-g297d3b089c (webtiles) character file.

Game seed: 17961369194390465674

379 bande the Covered (level 6, 0/39 HPs)
             Began as a Gargoyle Fighter on May 9, 2022.
             Killed by divine providence
             ... invoked by an orc priest
              (17 damage)
             ... on level 4 of the Dungeon.
             The game lasted 00:04:23 (3551 turns).

bande the Covered (Gargoyle Fighter)                Turns: 3551, Time: 00:04:24

Health: 0/39       AC: 14    Str: 19    XL:     6   Next: 74%
Magic:  6/6        EV:  7    Int:  9    God:
Gold:   215        SH:  0    Dex: 11    Spells: 5/5 levels left

rFire   . . .      SeeInvis .   a - +0 war axe
rCold   + . .      Faith    .   c - +0 buckler
rNeg    + . .      Spirit   .   j - +0 chain mail
rPois   ∞          Reflect  .   (no helmet)
rElec   +          Harm     .   (no cloak)
rCorr   .          Rampage  .   (no gloves)
Will    .....                   (no boots)
Stlth   ..........              (no amulet)
HPRegen 0.13/turn               t - ring of protection from cold
MPRegen 0.10/turn               (no ring)

@: confused
A: sickness immunity, AC +4, negative energy resistance 1, electricity
resistance, torment resistance 1, petrification resistance
a: no special abilities


You were on level 4 of the Dungeon.
You visited 1 branch of the dungeon, and saw 4 of its levels.

You collected 215 gold pieces.

Inventory:

Hand Weapons
 a - a +0 war axe (weapon)
 q - a +0 flail
Armour
 c - a +0 buckler (worn)
 j - a +0 chain mail (worn)
Jewellery
 t - a ring of protection from cold (left hand)
Wands
 p - a wand of acid (13)
Scrolls
 b - 5 scrolls of identify {unknown}
 e - a scroll of silence {unknown}
 f - a scroll of enchant armour {unknown}
 g - 2 scrolls of vulnerability {unknown}
 h - a scroll of fear {unknown}
 n - 2 scrolls of enchant weapon {unknown}
 o - a scroll of teleportation {unknown}
Potions
 d - a potion of might
 i - a potion of heal wounds {unknown}
 k - 2 potions of flight {unknown}
 l - 2 potions of brilliance {unknown}
 m - 2 potions of degeneration {unknown}
 r - a potion of resistance {unknown}
 s - a potion of attraction {unknown}


   Skills:
 + Level 4.4 Fighting
 + Level 4.4 Axes
 + Level 4.4 Armour
 + Level 3.9 Shields
 * Level 1.5 Evocations


You had 5 spell levels left.
You didn't know any spells.
Your spell library contained the following spells:

 Spells                   Type           Power      Damage    Failure   Level
 Static Discharge         Conj/Air       0%         N/A       100%        2
 Dispel Undead            Necr           0%         3d6       100%        4
 Sticky Flame             Conj/Fire      0%         2d3       100%        4


Dungeon Overview and Level Annotations

Branches:
Dungeon (4/15)
 Temple: D:4-7

Altars:
Zin


Innate Abilities, Weirdness & Mutations

You are immune to sickness and miasma.
Your stone body is resilient. (AC +4)
You are immune to poison.
You resist negative energy. (rN+)
You are resistant to electric shocks. (rElec)
You are resistant to unholy torment.
You are immune to petrification.


Message History

Things that are here:
a +0 dagger; a goblin corpse
t - a ring of protection from cold
t - a ring of protection from cold (left hand)
Found a stone staircase leading down.
You now have 207 gold pieces (gained 11).
You now have 215 gold pieces (gained 8).
An orc comes into view. It is wielding a +0 flail.
An orc is nearby!
An orc wizard and an orc priest come into view.
The orc wizard shouts!
The orc priest shouts!
The orc hits you with a +0 flail.
You barely miss the orc. You block the orc's attack.
You slash the orc!
You kill the orc!
The orc wizard gestures at you while chanting.
You are confused.
The orc priest calls down the wrath of Beogh upon you.
Beogh smites you!
You are too confused!
You are too confused!
You are too confused!
You are too confused!
You are too confused!
You are too confused!
You are too confused!
You are too confused!
Unknown command.
Things that are here:
a +0 flail; an orc corpse The orc wizard casts a spell at you.
The puff of flame hits you. The orc priest barely misses you.
The orc wizard hits you but does no damage.
The orc priest barely misses you.
You miss the orc priest. You closely miss the orc wizard.
The orc wizard hits you but does no damage.
The orc priest hits you with a +0 flail.
The orc priest invokes the aid of Beogh against you.
Beogh smites you!
You die...

##.#
#######.##.###
#..# #...#...#
#.## ###.#..##.#
#.# #...##..#..
#.#
####.......#...#
#.#
.....##.....)...
######.##.# #
#.........
#.....)...#
#....#####
#.......@.#
#....
#.....oo..#
#####
#.........#
#.........#
#.........#
#.........#
###########


You could see an orc priest and an orc wizard.

Vanquished Creatures
  A phantom (D:3)
  A bullfrog (D:4)
  A scorpion (D:4)
  A hound (D:2)
  An orc priest (D:4)
  An iguana (D:4)
  4 adders
  A worm (D:2)
  2 dart slugs
  8 orcs (D:4)
  8 endoplasms
  6 giant cockroaches
  4 goblins
  2 hobgoblins
  2 jackals (D:1)
  4 kobolds
  A quokka (D:3)
  5 ball pythons
  3 bats
  2 frilled lizards (D:1)
  6 rats
64 creatures vanquished.

Notes
Turn   | Place    | Note
-------+----------+-------------------------------------------
     0 | D:1      | bande the Gargoyle Fighter began the quest for the Orb.
     0 | D:1      | Reached XP level 1. HP: 14/14 MP: 1/1
   392 | D:1      | Reached XP level 2. HP: 19/19 MP: 2/2
  1082 | D:2      | Reached XP level 3. HP: 23/24 MP: 3/3
  1380 | D:2      | Found a faded altar of an unknown god.
  1590 | D:2      | Reached XP level 4. HP: 29/29 MP: 4/4
  2641 | D:4      | Noticed a phantom
  2658 | D:3      | Killed a phantom
  2659 | D:3      | Reached XP level 5. HP: 26/33 MP: 5/5
  2971 | D:4      | Reached skill level 1 in Evocations
  2971 | D:4      | Reached XP level 6. HP: 26/38 MP: 6/6
  3248 | D:4      | Found a glowing silver altar of Zin.
  3551 | D:4      | Killed from afar by an orc priest

Illustrated notes

Levels and vault maps discovered:
D:1:      dpeg_arrival_rooms_a, layout_loops_ring
D:2:      layout_loops_ring, dreamdust_ecumenical_altar_statues
D:3:      layout_basic, grunt_decor_junction
D:4:      layout_rooms, nicolae_overflow_crystal_walls

Skill      XL: |  1  2  3  4  5  6 |
---------------+-------------------+-----
Axes           | 2 3 4 |  4.4
Fighting       | 4 |  4.4
Armour         | 4 |  4.4
Evocations     | 1 |  1.5
Shields        | |  3.9

Action                   |  1- 3 |  4- 6 || total
-------------------------+-------+-------++-------
Melee: War axe           |   111 |   124 ||   235
Armor: Scale mail        |    21 |       ||    21
       Chain mail        |    45 |    86 ||   131
Dodge: Dodged            |    57 |    43 ||   100
Block: Buckler           |    22 |    27 ||    49

Table legend: (Time is in decaauts)
 A = Elapsed time spent in this place.
 B = Non-inter-level travel time spent in this place.
 C = Inter-level travel time spent in this place.
 D = Time resting spent in this place.
 E = Time spent auto-exploring this place.
 F = Levels seen in this place.
 G = Mean time per level.
                   A        B        C        D        E       F      G
               +--------+--------+--------+--------+--------+-----+--------+
         Total |   3646 |   3602 |     44 |    626 |   2169 |   4 |  911.5 |
       Dungeon |   3646 |   3602 |     44 |    626 |   2169 |   4 |  911.5 |
               +--------+--------+--------+--------+--------+-----+--------+

Top non-repeatable levels by time:
     D:1: 1094 daAuts
     D:2: 996 daAuts
     D:3: 904 daAuts
     D:4: 651 daAuts
